 Dungeon Crawl Stone Soup version 0.17-a0-725-gfa8c127 (webtiles) character file.

103 Trafet the Shooter (level 4, -1/35 HPs)
             Began as a Centaur Arcane Marksman on Apr 21, 2015.
             Succumbed to poison (a potion of poison)
             ... on level 3 of the Dungeon.
             The game lasted 00:06:03 (2587 turns).

Trafet the Shooter (Centaur Arcane Marksman)        Turns: 2587, Time: 00:06:03

Health: -1/35      AC:  4    Str: 14      XL:     4   Next: 51%
Magic:  5/5        EV:  9    Int:  9 (12) God:
Gold:   59         SH:  0    Dex:  9      Spells: 1 memorised, 4 levels left

rFire  . . .     SeeInvis .     b - +0 shortbow
rCold  . . .     Clarity  .     a - +0 robe
rNeg   + . .     SustAb   .     (no shield)
rPois  .         Gourm    .     (no helmet)
rElec  .         Spirit   .     (no cloak)
rCorr  .         Warding  .     (no gloves)
rMut   .         Stasis   .     (no barding)
MR     .....                    (no amulet)
Stlth  +.........               (no ring)
                                e - ring of positive energy

@: lethally poisoned (-1 -> -16), flying, very quick, not resistant to hostile
enchantments, very unstealthy
A: hooves 3, deformed body, speed 2, tough skin 3
a: no special abilities


You were on level 3 of the Dungeon.
You were not hungry.

You visited 1 branch of the dungeon, and saw 3 of its levels.

You collected 59 gold pieces.

Inventory:

Hand weapons
 b - a +0 shortbow (weapon)
 p - a +0 spear
 s - a +0 halberd
Missiles
 c - 23 arrows (quivered)
Armour
 a - a +0 robe (worn)
Jewellery
 e - a ring of positive energy (left hand)
Scrolls
 h - a scroll of enchant weapon {unknown}
 i - a scroll of magic mapping {unknown}
 j - 3 scrolls of remove curse {unknown}
 n - a scroll of random uselessness {unknown}
 o - 2 scrolls of identify {unknown}
 q - a scroll of fear {unknown}
Potions
 m - 2 potions of poison
Books
 d - a book of Debilitation

   Spells                             Type                      Level
   a - Corona                         Hexes                        1
   b - Slow                           Hexes                        2
   c - Gell's Gravitas                Hexes/Translocation          3
   d - Inner Flame                    Hexes/Fire                   3
   e - Cause Fear                     Hexes                        4
   f - Leda's Liquefaction            Hexes/Earth                  4
Comestibles
 f - 3 bread rations
 k - a beef jerky
 l - 2 meat rations
 t - 3 chunks of flesh


   Skills:
 - Level 1.0 Fighting
 + Level 5.9 Bows
 - Level 1.3 Dodging
 - Level 1.5 Unarmed Combat
 - Level 1.0 Spellcasting
 - Level 2.6 Hexes


You had 4 spell levels left.
You knew the following spells:

 Your Spells              Type           Power        Failure   Level  Hunger
a - Corona                Hex            #......      14%         1    ##.....


Dungeon Overview and Level Annotations

Branches:
Dungeon (3/15)

Altars:
Cheibriados
Elyvilon
Qazlal
Sif Muna


Innate Abilities, Weirdness & Mutations

You have hooves in place of feet.
Armour fits poorly on your strangely shaped body.
You cover ground very quickly.
You have extremely tough skin (AC +3).


Message History

You feel dopey.
* * * LOW HITPOINT WARNING * * *
You feel sick.
* * * LOW HITPOINT WARNING * * *
You feel sick.
Things that are here:
10 arrows; a rat corpse
* * * LOW HITPOINT WARNING * * *
You feel sick.
You see here a fizzy dark potion.
g - a fizzy dark potion
* * * LOW HITPOINT WARNING * * *
You feel sick.
Drink which item? (? for menu, Esc to quit)
It was a potion of flight.
You feel very buoyant.
You fly up into the air.
* * * LOW HITPOINT WARNING * * *
You feel sick.
You die...

#......#.#######...
#......#...........
.....##.###########...
. #.# #.# #### #..#.
#.# #..#.####.#
........##.#
....#...##.#
#......@..#####
#....#(.......#
..%.........###.#
...........# ###
##.#.....>.# .. #
#.#.###.# #### #. #.#.
#.# #..# ##. # #. #.#
#..# ##.. #. #>#
#..####...


There were no monsters in sight!

Vanquished Creatures
  3 gnolls (D:2)
  3 adders
  3 worms (D:2)
  An orc (D:3)
  4 giant cockroaches
  3 goblins (D:2)
  4 hobgoblins
  7 kobolds
  A quokka (D:3)
  2 ball pythons (D:1)
  3 bats
  A giant gecko (D:2)
  4 giant newts
  5 rats
44 creatures vanquished.

Notes
Turn   | Place    | Note
--------------------------------------------------------------
     0 | D:1      | Trafet, the Centaur Arcane Marksman, began the quest for the Orb.
     0 | D:1      | Reached XP level 1. HP: 16/16 MP: 2/2
    93 | D:1      | Reached skill level 1 in Unarmed Combat
   618 | D:1      | Reached XP level 2. HP: 20/23 MP: 3/3
   715 | D:2      | Reached skill level 3 in Bows
  1130 | D:2      | Found a stormy altar of Qazlal.
  1135 | D:2      | Found a white marble altar of Elyvilon.
  1140 | D:2      | Found a snail-covered altar of Cheibriados.
  1243 | D:2      | Found a deep blue altar of Sif Muna.
  1386 | D:2      | Reached skill level 4 in Bows
  1416 | D:2      | Reached XP level 3. HP: 18/28 MP: 4/4
  1911 | D:2      | Reached skill level 5 in Bows
  1952 | D:2      | Reached XP level 4. HP: 11/35 MP: 5/5
  2586 | D:3      | HP: 1/35 [poison (a potion of poison)]
  2587 | D:3      | Succumbed to poison (a potion of poison)

Action                   |  1- 3 |  4- 6 || total
-------------------------+-------+-------++-------
Melee: Unarmed           |     6 |     1 ||     7
       Spear             |     1 |       ||     1
       Halberd           |       |    33 ||    33
 Fire: Shortbow          |   130 |    16 ||   146
  Use: Potion            |       |     4 ||     4
  Eat: Chunk             |     1 |     2 ||     3
